Map: Invader LE

Players

Rodger

  • Race: Terran Terran
  • League: Platinum

blackxored - Winner!

  • Race: Zerg Zerg
  • League: Platinum

VOD

Have the link to the VOD?

Description

Time

  • Played on: June 30, 2016, 7:23 a.m.
  • Length: 13:02
Show
View Real Time Build Order
Export as new Build Order

Rodger Terran 

Build Orders: Hellion Opening, Bio Tank 

Get SALT Encoding   

  12  0:01  SCV  
  13  0:13  SCV  
  14  0:18  Supply Depot  
  14  0:25  SCV  
  15  0:39  SCV  
  15  0:40  Barracks  
  16  0:46  Refinery  
  16  0:51  SCV  
  17  1:04  SCV  
  18  1:16  SCV  
  19  1:28  Orbital Command  
  19  1:44  Command Center  
  19  1:54  Factory  
  19  2:01  Refinery  
  19  2:05  SCV  
  19  2:08  Barracks Reactor  
  20  2:18  SCV  
  21  2:30  SCV  
  22  2:42  Supply Depot  
  22  2:48  SCV  
  23  2:52  Starport  
  23  2:56  Hellion x2  
  27  2:59  Orbital Command  
  27  3:00  SCV  
  27  3:01  Marine  
  29  3:13  SCV  
  29  3:18  Hellion x2  
  34  3:21  Marine  
  34  3:25  SCV  
  36  3:30  Medivac  
  38  3:37  Armory  
  38  3:38  SCV  
  39  3:43  Hellion  
  41  3:50  Marine, Hellion  
  41  3:51  SCV  
  45  3:58  SCV  
  46  4:03  Supply Depot  
  46  4:06  Supply Depot  
  46  4:07  Liberator  
  46  4:23  Barracks Tech Lab  
  46  4:24  Engineering Bay, SCV  
  46  4:25  Hellion x2  
  54  4:36  SCV  
  55  4:48  SCV  
  55  4:49  Marine  
  47  5:00  SCV  
  47  5:06  Hellion x2  
  48  5:07  Marine  
  48  5:13  Barracks, SCV  
  50  5:14  Starport Reactor, Barracks  
  50  5:20  Factory  
  50  5:25  SCV  
  51  5:36  SCV  
  51  5:37  SCV  
  53  5:43  Marine x2, Siege Tank  
  53  5:45  Terran Infantry Weapons Level 1  
  53  5:48  Engineering Bay, SCV  
  53  5:49  SCV  
  60  5:52  Medivac  
  60  5:53  Supply Depot  
  62  5:57  Supply Depot  
  62  5:58  Supply Depot  
  62  6:04  Factory Tech Lab  
  62  6:06  Barracks Tech Lab  
  62  6:07  Barracks Tech Lab  
  62  6:15  Terran Infantry Armor Level 1, Marine x2, Medivac, SCV x2  
  68  6:19  Refinery x2  
  68  6:22  Missile Turret  
  68  6:27  Stimpack, SCV  
  69  6:33  SCV  
  69  6:37  Marine x2, Command Center  
  69  6:38  Marine x2  
  74  6:49  Missile Turret  
  74  6:50  Combat Shields  
  74  6:52  SCV  
  75  6:55  Marine x3  
  75  6:56  Marine  
  75  7:00  SCV  
  80  7:10  Siege Tank  
  80  7:13  Siege Tank  
  86  7:22  Supply Depot  
  86  7:24  Supply Depot  
  86  7:25  Supply Depot  
  86  7:26  Supply Depot, Barracks  
  86  7:30  Barracks  
  86  7:44  Marine x4, SCV  
  72  7:52  Terran Infantry Weapons Level 2  
  72  7:56  SCV  
  65  8:01  Marine x3  
  65  8:02  Marine  
  64  8:08  SCV  
  64  8:09  Orbital Command  
  64  8:15  Barracks Reactor  
  64  8:17  Barracks Reactor  
  64  8:19  Marine x4, Siege Tank x2  
  70  8:20  Medivac x2  
  78  8:37  Marine x4  
  82  8:52  Marine  
  82  8:53  Marine x3  
  82  8:55  Marine x4  
  90  8:59  Orbital Command  
  90  9:06  Terran Infantry Armor Level 2  
  90  9:10  Marine x2, Siege Tank x2  
  90  9:11  Marine x2  
  90  9:13  Marine x4  
  90  9:14  Medivac  
  90  9:17  Medivac  
  108  9:24  Supply Depot  
  108  9:28  Marine x2  
  108  9:29  Marine x2, SCV  
  108  9:31  Marine x4  
  117  9:32  Supply Depot  
  117  9:34  Supply Depot  
  117  9:41  SCV  
  117  9:42  Supply Depot  
  117  9:43  Supply Depot  
  117  9:45  Supply Depot  
  118  9:46  Marine x4  
  118  9:48  Supply Depot, Marine  
  118  9:49  Supply Depot  
  123  9:52  Marine  
  123  9:53  Marine x2  
  123  9:55  Command Center  
  126  10:02  Sensor Tower  
  126  10:03  Marine  
  126  10:07  Missile Turret  
  127  10:08  SCV  
  127  10:09  Missile Turret  
  128  10:17  Siege Tank  
  103  10:41  Marine x8  
  96  10:49  Widow Mine  
  98  10:58  Marine  
  98  10:59  Marine x7  
  106  11:16  Marine  
  93  11:20  Marine x7  
  100  11:50  Orbital Command  
  100  11:56  Marine  
  100  11:57  Marine x4  
  87  12:05  Marine  
  87  12:06  Marine x2  
  62  12:14  Marine x3  
  62  12:15  Marine x2  
  59  12:16  SCV  
  60  12:23  Marine  
  60  12:24  Marine x2  
  60  12:27  Missile Turret  
  60  12:28  SCV  
  63  12:32  Marine x3  
Show
View Real Time Build Order
Export as new Build Order

blackxored Zerg - Winner!

Build Orders: Hatch First 

Get SALT Encoding   

  12  0:01  Drone  
  13  0:08  Drone  
  14  0:18  Overlord  
  14  0:23  Extractor  
  14  0:24  Drone  
  15  0:39  Drone x2  
  17  0:56  Hatchery  
  16  1:00  Drone x2  
  18  1:15  Extractor, Drone  
  18  1:17  Spawning Pool  
  17  1:21  Drone  
  18  1:28  Drone  
  19  1:41  Overlord  
  19  1:52  Drone  
  20  2:04  Queen  
  20  2:07  Queen  
  20  2:08  Zergling x4  
  26  2:15  Zergling x2  
  27  2:16  Metabolic Boost  
  27  2:22  Drone x2  
  29  2:37  Hatchery  
  29  2:41  Overlord  
  28  2:53  Pneumatized Carapace  
  28  2:58  Zergling x2  
  28  2:59  Zergling x2  
  28  3:00  Drone x2  
  28  3:02  Drone  
  33  3:09  Drone  
  33  3:10  Drone  
  35  3:20  Queen  
  37  3:30  Drone x3  
  37  3:31  Drone x2  
  37  3:33  Drone  
  42  3:34  Drone  
  43  3:48  Queen  
  43  3:49  Spine Crawler  
  44  3:55  Queen  
  46  4:19  Zergling x6  
  46  4:20  Overlord x2  
  49  4:25  Lair  
  49  4:39  Drone x3  
  49  4:40  Baneling Nest  
  49  4:42  Drone  
  49  4:43  Drone x2  
  49  4:44  Queen x2  
  50  5:14  Extractor, Drone x3  
  50  5:18  Drone x12  
  64  5:24  Centrifical Hooks  
  64  5:25  Queen, Evolution Chamber  
  64  5:28  Evolution Chamber  
  64  5:32  Zergling x2  
  65  5:35  Overlord x2  
  65  5:36  Overlord  
  65  5:50  Overlord x2  
  65  5:52  Overseer  
  65  5:53  Queen  
  65  5:54  Zerg Melee Weapons Level 1  
  67  5:58  Zergling x2  
  67  5:59  Zergling x6  
  67  6:01  Extractor  
  67  6:02  Drone  
  67  6:03  Extractor  
  67  6:04  Drone  
  71  6:08  Zergling x2  
  72  6:23  Zergling x14  
  72  6:24  Zergling x4  
  81  6:31  Extractor  
  80  6:32  Extractor  
  80  6:34  Hatchery  
  80  6:36  Drone  
  80  6:39  Zerg Ground Armor Level 1  
  79  6:41  Baneling x7  
  79  6:45  Drone x5, Hatchery  
  83  6:52  Drone x3  
  83  6:53  Drone x4  
  90  6:56  Overseer  
  90  6:59  Zergling x2  
  91  7:04  Drone x2  
  93  7:09  Drone  
  93  7:10  Drone  
  93  7:11  Zergling x4  
  93  7:13  Baneling x5  
  93  7:15  Baneling  
  91  7:30  Zergling x14  
  91  7:31  Zergling x2  
  96  7:51  Zergling x24  
  80  8:01  Zergling x2  
  80  8:02  Zergling x4  
  81  8:10  Drone  
  81  8:11  Drone x3  
  85  8:18  Drone x2  
  85  8:19  Drone x6  
  93  8:26  Zerg Melee Weapons Level 2  
  93  8:28  Zergling x12  
  93  8:30  Baneling x4  
  93  8:31  Baneling x10  
  99  8:35  Overlord  
  99  8:36  Overlord x2  
  99  8:42  Zerg Ground Armor Level 2  
  99  8:45  Drone x2  
  99  8:46  Drone  
  99  8:48  Drone x2  
  103  8:50  Drone  
  105  8:56  Spire, Drone  
  105  9:03  Extractor, Drone x4  
  105  9:04  Extractor, Drone x2  
  105  9:07  Zergling x8  
  105  9:08  Zergling x2  
  105  9:09  Baneling  
  114  9:10  Baneling x3  
  114  9:11  Baneling x3  
  114  9:23  Overseer  
  114  9:29  Zergling x2  
  114  9:30  Zergling x32  
  131  9:50  Hatchery  
  130  10:08  Zergling x22  
  130  10:09  Overlord  
  130  10:10  Overlord x3  
  110  10:41  Zergling x2  
  110  10:42  Zergling x48  
  107  10:47  Mutalisk x2  
  111  10:57  Zergling x12  
  111  11:02  Baneling x15  
  111  11:03  Baneling x3  
  114  11:08  Zergling x12  
  113  11:13  Mutalisk x3  
  100  11:19  Zergling x2  
  100  11:20  Zergling x12  
  100  11:21  Zergling x18  
  107  11:27  Mutalisk x3  
  107  11:31  Overseer, Mutalisk  
  107  11:32  Mutalisk  
  114  11:38  Zergling x6  
  114  11:42  Zergling x4  
  107  11:48  Zergling x8  
  107  11:49  Zergling x4  
  113  11:56  Zergling x4  
  113  11:57  Zergling x6  
  110  12:04  Zergling x8  
  105  12:12  Zergling x10  
  105  12:15  Zergling x2  
  111  12:16  Zergling x2  
  110  12:35  Zergling x2  
  110  12:36  Zergling x14  
Tags
 
Add a new tag
Caveats
  • Supply blocks, unpowered buildings, or Contaminate may cause inaccurate times.
  • Supply counts are checked every 10 seconds.